 Dungeon Crawl Stone Soup version 0.30.1-9-gdf580d7c3d (webtiles) character file.

Game seed: 3874589459008773185

3088973 monsoonserge the Conqueror (level 27, 224/224 HPs)
             Began as a Merfolk Gladiator on Oct 9, 2023.
             Was the Champion of Hepliaklqana.
             Escaped with the Orb
             ... and 5 runes on Oct 10, 2023!
             The game lasted 08:37:06 (74763 turns).

monsoonserge the Conqueror (Merfolk Gladiator)     Turns: 74763, Time: 08:37:06

Health: 224/224    AC: 40    Str: 28      XL:     27
Magic:  27/27      EV: 18    Int: 10 (11) God:    Hepliaklqana [******]
Gold:   12022      SH: 28    Dex: 20      Spells: 26/26 levels left

rFire   + . .        G - +8 demon trident "Rift" {distort, reach+}
rCold   + + +        P - +2 tower shield
rNeg    + . .        m - +12 gold dragon scales
rPois   +            R - +0 mask of the Dragon {Will+ Slay+3 SInv}
rElec   +            o - +1 cloak of Starlight {*Dazzle EV+4 Stlth--}
rCorr   +            B - +0 pair of fencer's gloves {Riposte Dex+3}
SInv    +            e - +0 pair of boots of Jigsaw {+Inv rPois rF- rC++}
Will    +++..        x - amulet of regeneration Stlth
                     Y - ring "Xainkuuz" {rF+ rCorr}
HPRegen 2.17/turn    w - ring of Redugr Romie {rElec rN+ Str+3 Int+2}
MPRegen 0.20/turn

%: no passive effects
@: no status effects
A: reduced essence, (nimble swimmer 2), mertail, antennae 1, deterioration 1,
low MP 1, regeneration 1
0: Orb of Zot
}: 5/15 runes: serpentine, barnacled, slimy, silver, abyssal
a: Renounce Religion, Evoke Invisibility, Recall Ancestor, Ancestor Identity,
Transference, Idealise


You escaped.
You worshipped Hepliaklqana.
Hepliaklqana was exalted by your worship.
You visited 14 branches of the dungeon, and saw 58 of its levels.
You visited the Abyss 4 times.
You visited 1 ziggurat, and saw 12 of its levels.
You also visited: Trove and Ossuary.

You collected 12397 gold pieces.
You spent 375 gold pieces at shops.

Inventory:

Hand Weapons
 G - the +8 demon trident "Rift" (weapon) {distort, reach+}
   (You acquired it on level 2 of the Lair of Beasts)
Missiles
 c - 8 boomerangs of dispersal
 k - 10 throwing nets
 E - 14 silver boomerangs
 T - 6 datura-tipped darts (quivered)
 U - 21 curare-tipped darts
 X - 23 atropa-tipped darts
 Z - 16 silver javelins
Armour
 e - the +0 pair of boots of Jigsaw (worn) {+Inv rPois rF- rC++}
   (You found it on level 12 of a ziggurat)

   rF:        It makes you vulnerable to fire.
   rC:        It greatly protects you from cold.
   rPois:     It protects you from poison.
   +Inv:      It lets you turn invisible.
 m - +12 gold dragon scales (worn)
 o - the +1 cloak of Starlight (worn) {*Dazzle EV+4 Stlth--}
   (You found it on level 1 of the Realm of Zot)

   *Dazzle:   It may blind those who miss an attack against the wearer in melee
   combat.
   EV:        It affects your evasion (+4).
   Stlth:     It makes you much less stealthy.
 B - the +0 pair of fencer's gloves (worn) {Riposte Dex+3}
   (You acquired it on level 6 of a ziggurat)

   Riposte:   It allows the wearer to riposte with melee weapons, swiftly
   retaliating against missed or blocked melee attacks.
   Dex:       It affects your dexterity (+3).
 P - a +2 tower shield (worn)
 R - the +0 mask of the Dragon (worn) {Will+ Slay+3 SInv}
   (You found it on level 11 of a ziggurat)

   Slay:      It affects your accuracy & damage with ranged weapons and melee
   (+3).
   SInv:      It lets you see invisible.
   Will:      It increases your willpower.
Jewellery
 w - the ring of Redugr Romie (right hand) {rElec rN+ Str+3 Int+2}
   (You took it off an ogre mage on level 5 of the Vaults)

   [ring of positive energy]

   Str:       It affects your strength (+3).
   Int:       It affects your intelligence (+2).
   rElec:     It insulates you from electricity.
   rN:        It protects you from negative energy.
 x - an amulet of regeneration (around neck)
 Y - the ring "Xainkuuz" (left hand) {rF+ rCorr}
   (You took it off a necromancer on level 1 of the Crypt)

   [ring of protection from fire]

   rF:        It protects you from fire.
   rCorr:     It protects you from acid and corrosion.
Wands
 t - a wand of digging (25)
 u - a wand of quicksilver (40)
 v - a wand of mindburst (11)
 z - a wand of flame (14)
 L - a wand of iceblast (82)
 O - a wand of polymorph (22)
 S - a wand of charming (85)
Scrolls
 h - 5 scrolls of silence
 i - a scroll of torment
 n - 7 scrolls of enchant armour
 q - 4 scrolls of enchant weapon
 s - 6 scrolls of blinking
 A - 19 scrolls of teleportation
 C - 15 scrolls of fear
 I - 4 scrolls of butterflies
 M - 11 scrolls of magic mapping
 W - 9 scrolls of fog
Potions
 a - 12 potions of lignification
 b - 2 potions of haste
 d - 6 potions of invisibility
 f - a potion of resistance
 j - 20 potions of curing
 l - 7 potions of might
 p - 2 potions of heal wounds
 D - 3 potions of ambrosia
 F - 7 potions of cancellation
 K - 3 potions of berserk rage
 N - 3 potions of mutation
Miscellaneous
 g - a phial of floods
 r - the horn of Geryon
 y - a phantom mirror
 H - a box of beasts
 Q - a lightning rod (4/4)
 V - a condenser vane


   Skills:
 O Level 27 Fighting
 - Level 3.8(4.5) Short Blades
 - Level 3.6(4.4) Long Blades
 - Level 8.8(14.3) Axes
 - Level 26.0(27) Polearms
 + Level 7.5 Throwing
 + Level 19.0 Armour
 + Level 14.5 Dodging
 + Level 24.5 Stealth
 + Level 26.6 Shields
 - Level 10.0 Invocations
 * Level 17.3 Evocations


You had 26 spell levels left.
You didn't know any spells.
Your spell library contained the following spells:

 Spells                   Type           Power      Damage    Failure   Level
 Apportation              Tloc           0%         N/A       99%         1
 Beastly Appendage        Tmut           0%         N/A       99%         1
 Foxfire                  Conj/Fire      0%         2x1d4     99%         1
 Freeze                   Ice            0%         1d3       99%         1
 Kiss of Death            Conj/Necr      0%         2d5       99%         1
 Magic Dart               Conj           0%         1d3       99%         1
 Necrotise                Necr           0%         1d4       99%         1
 Sandblast                Erth           0%         2d4       99%         1
 Shock                    Conj/Air       0%         1d3       99%         1
 Summon Small Mammal      Summ           0%         N/A       99%         1
 Blink                    Tloc           0%         N/A       100%        2
 Call Imp                 Summ           0%         N/A       100%        2
 Cigotuvi's Dreadful Rot  Necr/Pois/Air  0%         N/A       100%        2
 Ensorcelled Hibernation  Hex/Ice        0%         N/A       100%        2
 Lesser Beckoning         Tloc           0%         N/A       100%        2
 Momentum Strike          Conj/Tloc      0%         3d8       100%        2
 Passwall                 Tmut/Erth      0%         N/A       100%        2
 Scorch                   Fire           0%         2d5       100%        2
 Searing Ray              Conj           0%         2d4       100%        2
 Static Discharge         Conj/Air       0%         2-2/arc   100%        2
 Sublimation of Blood     Necr           0%         N/A       100%        2
 Wereblood                Tmut           0%         N/A       100%        2
 Call Canine Familiar     Summ           0%         N/A       100%        3
 Frozen Ramparts          Ice            0%         1d1       100%        3
 Gell's Gravitas          Tloc           0%         N/A       100%        3
 Hailstorm                Conj/Ice       0%         3d3       100%        3
 Ignite Poison            Fire/Tmut/Pois 0%         N/A       100%        3
 Inner Flame              Hex/Fire       0%         N/A       100%        3
 Mephitic Cloud           Conj/Pois/Air  0%         N/A       100%        3
 Ozocubu's Armour         Ice            0%         N/A       100%        3
 Portal Projectile        Hex/Tloc       0%         N/A       100%        3
 Spider Form              Tmut/Pois      0%         N/A       100%        3
 Stone Arrow              Conj/Erth      0%         3d7       100%        3
 Summon Guardian Golem    Hex/Summ       0%         N/A       100%        3
 Swiftness                Air            0%         N/A       100%        3
 Teleport Other           Tloc           0%         N/A       100%        3
 Vhi's Electric Charge    Tloc/Air       0%         N/A       100%        3
 Airstrike                Air            0%         2d(0-16)  100%        4
 Anguish                  Hex/Necr       0%         N/A       100%        4
 Animate Armour           Summ/Erth      0%         N/A       100%        4
 Animate Dead             Necr           0%         N/A       100%        4
 Cause Fear               Hex            0%         N/A       100%        4
 Dispel Undead            Necr           0%         3d6       100%        4
 Flame Wave               Conj/Fire      0%         2d4       100%        4
 Fulminant Prism          Conj/Hex       0%         3d5       100%        4
 Ice Form                 Ice/Tmut       0%         N/A       100%        4
 Iskenderun's Mystic Bla  Conj/Tloc      0%         2d3       100%        4
 Leda's Liquefaction      Hex/Erth       0%         N/A       100%        4
 Manifold Assault         Tloc           0%         N/A       100%        4
 Passage of Golubria      Tloc           0%         N/A       100%        4
 Petrify                  Tmut/Erth      0%         N/A       100%        4
 Sticky Flame             Conj/Fire      0%         2d3       100%        4
 Summon Ice Beast         Ice/Summ       0%         N/A       100%        4
 Summon Lightning Spire   Summ/Air       0%         N/A       100%        4
 Agony                    Necr           0%         N/A       100%        5
 Alistair's Intoxication  Tmut/Pois      0%         N/A       100%        5
 Arcjolt                  Conj/Air       0%         1d10      100%        5
 Borgnjor's Vile Clutch   Necr/Erth      0%         N/A       100%        5
 Fireball                 Conj/Fire      0%         3d3       100%        5
 Freezing Cloud           Conj/Ice/Air   0%         6-21      100%        5
 Irradiate                Conj/Tmut      0%         3d11      100%        5
 Lee's Rapid Deconstruct  Erth           0%         3d4*      100%        5
 Metabolic Englaciation   Hex/Ice        0%         N/A       100%        5
 Silence                  Hex/Air        0%         N/A       100%        5
 Summon Forest            Summ/Tloc      0%         N/A       100%        5
 Summon Mana Viper        Hex/Summ       0%         N/A       100%        5
 Yara's Violent Unravell  Hex/Tmut       0%         3d3       100%        5
 Death Channel            Necr           0%         N/A       100%        6
 Dispersal                Tloc           0%         N/A       100%        6
 Plasma Beam              Fire/Air       0%         2x1d11    100%        6
 Simulacrum               Ice/Necr       0%         N/A       100%        6
 Starburst                Conj/Fire      0%         6d3       100%        6
 Statue Form              Tmut/Erth      0%         N/A       100%        6
 Summon Cactus Giant      Summ           0%         N/A       100%        6
 Dragon Form              Tmut           0%         N/A       100%        7
 Enfeeble                 Hex            0%         N/A       100%        7
 Haunt                    Necr/Summ      0%         N/A       100%        7
 Malign Gateway           Summ/Tloc      0%         N/A       100%        7
 Monstrous Menagerie      Summ           0%         N/A       100%        7
 Orb of Destruction       Conj           0%         9d5       100%        7
 Ozocubu's Refrigeration  Ice            0%         4d7       100%        7
 Spellforged Servitor     Conj/Summ      0%         N/A       100%        7
 Storm Form               Tmut/Air       0%         N/A       100%        7
 Borgnjor's Revivificati  Necr           0%         N/A       100%        8
 Ignition                 Fire           0%         3d3       100%        8
 Lehudib's Crystal Spear  Conj/Erth      0%         10d2      100%        8
 Maxwell's Capacitive Co  Air            0%         ∞         100%        8
 Necromutation            Tmut/Necr      0%         N/A       100%        8
 Summon Horrible Things   Summ           0%         N/A       100%        8
 Chain Lightning          Conj/Air       0%         N/A       100%        9
 Death's Door             Necr           0%         N/A       100%        9
 Dragon's Call            Summ           0%         N/A       100%        9
 Polar Vortex             Ice            0%         N/A       100%        9


Dungeon Overview and Level Annotations

Branches:
Dungeon (15/15)            Temple (1/1) D:4            Lair (5/5) D:8
 Shoals (4/4) Lair:3        Snake (4/4) Lair:3        Slime (5/5) Lair:5
    Orc (2/2) D:9             Elf (3/3) Orc:2        Vaults (5/5) D:13
  Crypt (3/3) Vaults:2       Tomb (1/3) Crypt:3      Depths (4/4) D:15
   Hell (visited)             Dis (0/7) Hell            Geh (0/7) Hell
    Coc (0/7) Hell            Tar (0/7) Hell            Zot (5/5) Depths:4
Ossuary (visited)

Altars:
Ashenzari
Cheibriados
Dithmenos
Elyvilon
Fedhas
Gozag
Hepliaklqana
Kikubaaqudgha
Makhleb
Nemelex Xobeh
Okawaru
Qazlal
Ru
Sif Muna
Trog
Uskayaw
Vehumet
Wu Jian
Xom
Yredelemnul
Zin
The Shining One
Jiyva

Shops:
D:1 (   D:4 :   Orc:2 *=*[(   Elf:3 =   Snake:3 ?!   Snake:4 *   Vaults:1 *
Vaults:2 :   Depths:1 (

Portals:
Hell: Depths:1 Depths:2 Depths:3 Depths:4
Abyss: Depths:3 Depths:4
Pandemonium: Depths:1 Depths:2

Annotations:
Abyss:1 Boris; WaxSun's ghost, adept MfCK; wjchen's ghost, adept MiFi


Innate Abilities, Weirdness & Mutations

Your life essence is reduced to manifest your ancestor. (-10% HP)
((You are very nimble when in or above water. (Stealth+, EV+, Speed+++)))
Your lower body shifts to a powerful aquatic tail in water.
You have a pair of small antennae on your head.
Your body sometimes deteriorates upon taking damage.
Your magical capacity is low. (-10% MP)
Your natural rate of healing is unusually fast.


Message History

There is a stone staircase leading up here.
You climb upwards.
There is a stone staircase leading down here.
There is a stone staircase leading up here.
You climb upwards.
There is a stone staircase leading down here.
A hell beast comes into view.
You can't go up here!
You puncture the hell beast!
Space warps around the hell beast.
The hell beast is moderately wounded.
Nakurtum casts a spell at the hell beast.
The bolt of magma hits the hell beast!!!
You impale the hell beast!!
You kill the hell beast!
An Executioner comes into view.
The Executioner gives a hideous shriek!
You can't go up here!
The Executioner gestures.
The Executioner seems to speed up.
You impale the Executioner!!
Space warps around the Executioner.
The Executioner is heavily wounded.
Nakurtum casts a spell at the Executioner.
The crystal spear hits the Executioner!
You skewer the Executioner like a kebab!!!
You kill the Executioner!
There is a stone staircase leading up here.
You climb upwards.
There is a stone staircase leading down here.
You can't go up here!
You swap places.
There is a stone staircase leading up here.
You climb upwards.
There is a stone staircase leading down here.
You swap places.
You see here 8 stones.
A red devil comes into view.
It is wielding a +1 demon trident of venom.
There is an open door here.
The red devil moves out of view.
There is a staircase leading out of the dungeon here.
You have escaped!

#..#####.##.# #.....
####...........# #.####
#######........#..#### #.#
#.......##..#..#..#######.#
#.#####.##................#
#.#####.##4.4........######
####.##.......##'##.###.#
........##....#8R8### #.#
####.##.......#♣@♣# #.#
#.......#.#♣♣♣♣ ##.##
####.####.#♣♣♣ #...# #.# #.##.#
#...# ## #.# #.##.# #...#######.
#######.####.##.# #...........
#.........##.##.######....#.#.#.#
#.....#.#........................
#.......#..#..........∩...#.#.#.#


You could see the friendly Nakurtum the battlemage and a red devil.

Vanquished Creatures
  the Royal Jelly (Slime:5)
  3 dread liches
  An orb of fire (Zot:5)
  Mara (Elf:3)
  2 juggernauts
  A royal mummy (Tomb:1)
  Vv (Abyss:3)
  3 Killer Klowns
  Frederick (Vaults:2)
  Saint Roka (Vaults:1)
  Parghit (Abyss:1)
  3 golden dragons
  Geryon (Hell)
  3 bone dragons
  A Tzitzimitl (Zot:4)
  3 tentacled monstrosities
  Rupert (Orc:1)
  An Ice Fiend (Depths:2)
  17 Orb Guardians
  2 deep elf blademasters (Elf:3)
  6 liches
  2 deep elf master archers (Depths:2)
  13 tentacled starspawn
  4 titans
  18 acid blobs
  5 death cobs
  Agnes (Snake:1)
  5 sphinxes
  An Executioner (D:3)
  2 storm dragons
  3 tengu reavers
  2 draconian monks
  Roxanne (Shoals:2)
  3 shadow dragons
  3 revenants
  4 nagarajas
  10 azure jellies
  8 rockslimes
  4 draconian knights
  Donald (Orc:1)
  A fenstrider witch (shapeshifter) (D:13)
  A daeva (Depths:3)
  6 frost giants
  4 draconian scorchers
  6 fire giants
  Louise (Lair:3)
  8 vault wardens
  An angel (Depths:3)
  3 iron dragons
  5 deep elf sorcerers
  3 cacodemons
  A deep elf elementalist (Elf:3)
  2 balrugs (Abyss:4)
  4 draconian shifters
  A curse skull (Crypt:2)
  9 ironbound preservers
  A draconian annihilator (Abyss:3)
  2 orc warlords
  A ghoul (Crypt:2)
  2 draconian stormcallers (Zot:4)
  An ophan (Abyss:4)
  7 quicksilver oozes
  16 very ugly things
  5 reapers
  7 stone giants
  A spriggan defender (Depths:4)
  3 vampire knights
  2 starflowers
  4 ironbound thunderhulks
  11 green draconians
  2 deep elf demonologists
  4 purple draconians
  7 black draconians
  2 spark wasps (Depths:3)
  4 dire elephants
  5 white draconians
  2 lorocyprocas
  A minotaur (Shoals:4)
  4 red draconians
  6 eidola
  7 deep elf annihilators
  A green death (Abyss:3)
  5 ettins
  2 mummy priests (Tomb:1)
  7 deep elf death magi
  Josephine (D:11)
  A blizzard demon (Depths:3)
  3 fire dragons
  2 deep elf high priests
  An entropy weaver (Vaults:1)
  3 jiangshi
  2 merfolk javelineers
  3 merfolk impalers (Shoals:4)
  3 spectral quicksilver dragons (Crypt:3)
  2 spriggan zombies (Crypt:2)
  2 hell beasts
  4 rakshasas
  7 great orbs of eyes
  2 salamander tyrants
  5 yaktaur captains
  Fannar (Abyss:1)
  4 ice dragons
  18 vault guards
  A quicksilver dragon skeleton (Abyss:3)
  A hydra (shapeshifter) (Vaults:5)
  A death knight (Crypt:1)
  A peacekeeper (Vaults:2)
  2 juggernaut simulacra
  A merfolk avatar (Shoals:4)
  2 boulder beetles
  5 hydras
  5 ironbound frosthearts
  A spriggan air mage (Depths:2)
  4 catoblepae
  9 anacondas
  6 merfolk aquamancers
  10 centaur warriors
  An alligator snapping turtle (Shoals:2)
  21 dancing weapons
  2 hell hogs (Abyss:3)
  7 two-headed ogres
  12 death yaks
  7 satyrs (Shoals:4)
  2 vampire magi
  3 tengu warriors
  A titan zombie (Abyss:1)
  14 naga sharpshooters
  9 naga warriors
  4 deep troll earth magi
  A spectral stone giant (Crypt:3)
  A spectral storm dragon (Crypt:3)
  13 thrashing horrors
  6 spriggan berserkers
  3 orc high priests
  12 hell knights
  10 deep elf knights
  5 shock serpents
  An emperor scorpion zombie (Crypt:3)
  3 soul eaters
  6 sun demons
  5 shadow wraiths
  2 skysharks
  5 iron trolls
  16 wretched stars
  2 spark wasp zombies (Hell)
  2 sixfirhies
  6 skeletal warriors
  3 flayed ghosts (Crypt:3)
  A spectral anaconda (Crypt:3)
  An anaconda zombie (Hell)
  2 golden dragon zombies (Hell)
  19 deep trolls
  9 sea snakes
  3 spatial maelstroms
  7 cherubim
  31 large abominations
  2 swamp dragons (Zot:4)
  8 ironbound convokers
  4 glowing orange brains
  7 deep elf archers
  2 bunyip skeletons
  4 naga ritualists
  11 orc knights
  8 lindwurms
  A harpy (shapeshifter) (D:13)
  8 wizards
  60 starcursed masses
  5 necromancers
  4 orc sorcerers
  5 mana vipers
  A spectral ice dragon (Crypt:3)
  21 harpies
  13 deep elf zephyrmancers
  A wolf spider (D:14)
  7 phantasmal warriors
  A fenstrider witch simulacrum (Abyss:3)
  A wolf spider zombie (Crypt:2)
  12 deep elf pyromancers
  24 ugly things
  10 cyclopes
  2 oklob plants (Lair:4)
  4 shining eyes
  16 manticores
  3 worldbinders
  A salamander (Snake:3)
  A frost giant zombie (Crypt:2)
  2 will-o-the-wisps (Abyss:3)
  19 fauns
  10 moths of wrath
  6 molten gargoyles (Hell)
  Maurice (D:11)
  27 black mambas
  13 smoke demons
  7 merfolk sirens
  An elephant (Lair:5)
  14 naga magi
  8 vault sentinels
  An ice statue (Hell)
  2 eyes of devastation
  2 guardian serpents (Snake:3)
  A rust devil (Abyss:1)
  5 water nymphs
  6 orange demons
  2 gargoyles
  A shock serpent skeleton (Crypt:1)
  A komodo dragon (shapeshifter) (D:14)
  A green draconian zombie (Crypt:3)
  2 hellions
  A cane toad (shapeshifter) (Abyss:1)
  4 rime drakes
  An efreet (D:15)
  An unseen horror (Depths:4)
  A dire elephant skeleton (Tomb:1)
  10 komodo dragons
  6 cane toads
  A tengu conjurer (D:14)
  20 yaktaurs
  A purple draconian skeleton (Crypt:2)
  A tormentor (Zig:8)
  5 guardian mummies (Tomb:1)
  15 freezing wraiths
  A red devil (Hell)
  3 hydra zombies (Hell)
  8 hellwings
  A meliai (D:14)
  A troll (shapeshifter) (Vaults:5)
  A white draconian skeleton (Crypt:3)
  2 polar bears
  20 merfolk
  7 ancient zymes
  A sea snake skeleton (Crypt:2)
  5 wind drakes
  A harpy skeleton (Crypt:1)
  2 harpy zombies
  11 dream sheep
  A spectral harpy (Crypt:3)
  6 trolls
  20 blink frogs
  4 hornets
  17 raiju
  2 ettin zombies (Hell)
  2 snapping turtles
  40 slime creatures
  A dire elephant simulacrum (Crypt:2)
  8 water elementals
  10 ynoxinuls
  15 small abominations
  An ettin skeleton (Crypt:2)
  7 flying skulls
  2 vampires
  23 yaks
  4 spriggans
  7 wraiths
  2 wyverns
  2 ushabtiu (Tomb:1)
  5 fire bats (Abyss:1)
  10 golden eyes
  3 fire elementals
  A human (D:14)
  Eustachio (D:4)
  6 neqoxecs
  7 chaos spawn
  4 basilisks
  3 steam dragons
  A sea snake simulacrum (Hell)
  A redback (Vaults:1)
  2 vampire mosquitoes (D:14)
  8 spatial vortices
  A swamp worm (shapeshifter) (Vaults:4)
  A fire bat zombie (Crypt:2)
  34 nagas
  5 wargs
  An entropy weaver zombie (Crypt:2)
  A deep troll zombie (Crypt:3)
  A hydra simulacrum (Hell)
  7 water moccasins
  Duvessa (D:4)
  7 hell hounds
  2 floating eyes (shapeshifter)
  28 orc warriors
  2 sky beasts
  3 ice beasts
  An ettin simulacrum (Crypt:3)
  4 ogres
  A black bear (Depths:1)
  10 wolves
  5 boggarts (Vaults:4)
  A manticore skeleton (Crypt:2)
  11 centaurs
  A phantom (D:5)
  2 kobold brigands
  4 bullfrogs
  2 elf zombies
  A necrophage (Crypt:3)
  A gnoll sergeant (D:7)
  2 earth elementals
  5 scorpions
  A draconian skeleton (Crypt:1)
  Dowan (D:4)
  7 wights
  A tengu zombie (Hell)
  11 killer bees
  3 howler monkeys (D:9)
  3 crimson imps (Abyss:1)
  6 quasits
  A jelly (D:4)
  2 centaur zombies
  20 orc priests
  2 gnoll boudas
  2 iron imps (Abyss:1)
  Crazy Yiuf (D:4)
  A sleepcap (D:2)
  Jessica (D:2)
  15 orc wizards
  Natasha (D:2)
  An acid dragon skeleton (Crypt:1)
  12 mummies
  Robin (D:2)
  10 gnolls
  6 adders
  2 shadow imps
  5 white imps
  5 ufetubi
  An iguana skeleton (Crypt:3)
  A worm (D:2)
  2 dart slugs
  84 orcs
  A bat (D:2)
  2 endoplasms
  10 giant cockroaches
  8 hobgoblins
  5 jackals (D:1)
  3 quokkas
  7 ball pythons
  3 frilled lizards
  14 goblins
  7 hobgoblin zombies (Ossuary)
  20 kobolds
  7 kobold zombies (Ossuary)
  An orc skeleton (Crypt:1)
  6 orc zombies (Ossuary)
  4 rats
  A rat zombie (Ossuary)
  A lurking horror (Abyss:3)
  13 starspawn tentacles
1896 creatures vanquished.

Vanquished Creatures (collateral kills)
  An ancient lich (Abyss:3)
  An orb of fire (Zot:5)
  Mennas (Vaults:4)
  A juggernaut (Zig:9)
  2 pandemonium lords
  2 Killer Klowns
  Margery (Abyss:1)
  Bai Suzhen (Shoals:4)
  A curse toe (Zot:2)
  2 caustic shrikes (Depths:3)
  Xtahua (Vaults:3)
  Nikola (Abyss:1)
  A bone dragon (Depths:3)
  4 golden dragons
  An electric golem (Zot:5)
  5 tentacled monstrosities
  A hellephant (Zig:7)
  5 Orb Guardians (Zot:5)
  A Hell Sentinel (Zig:8)
  3 deep elf master archers
  A lich (Vaults:5)
  3 quicksilver dragons
  7 acid blobs
  10 tentacled starspawn
  3 titans
  3 ancient champions
  Murray (Abyss:1)
  Polyphemus (Shoals:2)
  3 tengu reavers
  4 sphinxes
  A demonspawn warmonger (Zig:8)
  4 storm dragons
  2 draconian monks (Zot:2)
  4 shadow dragons
  An azure jelly (Zig:12)
  5 rockslimes
  3 fire giants
  3 nagarajas (Snake:4)
  2 draconian knights
  2 daevas (Depths:3)
  A draconian scorcher (Zot:3)
  3 vault wardens
  A balrug (Depths:3)
  A cacodemon (Zig:7)
  Aizul (Snake:2)
  5 draconian shifters
  An orc warlord (Zig:9)
  A draconian stormcaller (Zot:4)
  16 very ugly things
  4 angels
  A curse skull (Zig:3)
  A spriggan defender (Depths:4)
  3 quicksilver oozes
  2 ghouls (Crypt:3)
  4 draconian annihilators
  3 ironbound preservers
  An ophan (Abyss:4)
  4 stone giants
  An ironbound thunderhulk (Vaults:3)
  A reaper (Hell)
  5 vampire knights
  5 deep elf elementalists (Elf:3)
  4 green draconians (Zot:4)
  8 yellow draconians
  6 dire elephants
  5 red draconians
  6 purple draconians
  2 spark wasps (Depths:4)
  A black draconian (Zot:2)
  3 blizzard demons
  3 deep elf annihilators
  3 white draconians
  2 eidola (Crypt:3)
  A crystal guardian (Vaults:2)
  2 spectral quicksilver dragons (Crypt:3)
  Snorg (Orc:1)
  An entropy weaver (Abyss:4)
  5 mummy priests (Tomb:1)
  A jiangshi (Crypt:1)
  A merfolk impaler (Shoals:1)
  2 ettins
  A fire dragon (Depths:3)
  A deep elf death mage (Elf:3)
  8 great orbs of eyes
  A kraken zombie (Hell)
  A merfolk javelineer (Shoals:4)
  2 yaktaur captains
  2 deep elf high priests (Vaults:5)
  A rakshasa (Abyss:1)
  7 vault guards
  2 hydras
  A death knight (Crypt:2)
  4 ice dragons
  4 hell beasts
  A spriggan air mage (Depths:1)
  3 anacondas
  An ogre mage (Vaults:5)
  A catoblepas (Lair:1)
  3 merfolk aquamancers
  A spriggan skeleton (Abyss:3)
  3 centaur warriors
  2 two-headed ogres (Vaults:5)
  A boulder beetle (Lair:2)
  3 ironbound frosthearts
  2 hell hogs
  2 death yaks
  7 naga warriors
  2 spriggan berserkers
  2 satyrs (Shoals:4)
  3 tengu warriors
  2 vampire magi
  4 thrashing horrors
  4 naga sharpshooters
  16 dancing weapons
  2 orc high priests (Orc:2)
  2 spectral storm dragons (Crypt:3)
  2 deep troll earth magi
  2 shock serpents
  5 sun demons
  8 hell knights
  5 wretched stars
  2 iron trolls
  Nergalle (Lair:1)
  2 salamander mystics (Snake:4)
  8 deep elf knights
  3 skysharks
  2 shadow wraiths
  4 soul eaters
  A spectral bunyip (Crypt:3)
  2 spatial maelstroms (Abyss:4)
  7 skeletal warriors
  6 flayed ghosts
  3 sea snakes
  2 glowing orange brains
  A cherub (Abyss:4)
  A naga ritualist (Snake:4)
  A death drake (Zot:4)
  A shadow dragon zombie (Hell)
  A spriggan druid (Depths:1)
  10 deep trolls
  An orange crystal statue (D:12)
  3 deep elf archers
  A bog body (Crypt:3)
  2 anaconda skeletons (Abyss:1)
  An orb spider (Abyss:3)
  4 lindwurms
  2 fire giant zombies (Hell)
  11 phantasmal warriors
  3 harpies
  4 deep elf zephyrmancers
  13 deep elf pyromancers
  A wizard (D:13)
  2 orc knights
  3 ironbound convokers
  An oklob plant (Lair:2)
  A stone giant zombie (Hell)
  4 shining eyes
  4 mana vipers
  4 necromancers
  4 orc sorcerers
  3 worldbinders
  5 manticores
  A faun (Shoals:4)
  15 ugly things
  15 moths of wrath
  A frost giant zombie (Hell)
  A cyclops (D:15)
  An elephant (Lair:5)
  7 black mambas
  An ice statue (Hell)
  5 vault sentinels
  A titan simulacrum (Abyss:4)
  2 orange demons (Abyss:3)
  5 apocalypse crabs
  4 naga magi
  Joseph (D:7)
  2 water nymphs
  A guardian serpent (shapeshifter) (D:14)
  4 guardian serpents
  11 smoke demons
  3 cane toads
  A gargoyle (D:12)
  2 eyes of devastation
  A spriggan zombie (Hell)
  An unseen horror (Depths:4)
  9 yaktaurs
  2 tormentors
  9 freezing wraiths
  4 guardian mummies (Tomb:1)
  A yaktaur (shapeshifter) (Vaults:5)
  An iron troll skeleton (Crypt:3)
  4 komodo dragons
  2 tengu conjurers (Depths:3)
  2 wind drakes (Shoals:4)
  29 starcursed masses
  2 harpy zombies
  9 ancient zymes
  4 trolls
  8 merfolk
  3 hydra zombies (Hell)
  2 hellwings
  A meliai (shapeshifter) (D:14)
  A spectral harpy (Crypt:3)
  14 blink frogs
  3 ettin zombies
  A harpy skeleton (Abyss:4)
  A polar bear (Depths:1)
  15 dream sheep
  A hydra skeleton (Hell)
  2 snapping turtles
  A hornet (Depths:2)
  17 raiju
  3 elf zombies
  A spectral swamp dragon (Crypt:3)
  20 large abominations
  42 slime creatures
  6 flying skulls
  An ettin skeleton (Tomb:1)
  A spriggan (Depths:2)
  2 air elementals (Elf:3)
  A centaur simulacrum (Crypt:1)
  2 shadows
  A black mamba zombie (Crypt:3)
  5 ynoxinuls
  4 water elementals
  7 wraiths
  2 basilisks
  3 yaks
  3 fire elementals
  A golden eye (shapeshifter) (D:14)
  9 golden eyes
  4 steam dragons
  3 vampire mosquitoes
  3 chaos spawn
  18 small abominations
  Edmund (D:5)
  Menkaure (D:4)
  7 neqoxecs
  A harpy simulacrum (Crypt:3)
  12 nagas
  A skyshark zombie (Crypt:3)
  8 hell hounds
  2 spatial vortices (Abyss:4)
  2 wargs
  4 water moccasins
  A floating eye (Slime:5)
  A glowing shapeshifter skeleton (Vaults:3)
  16 orc warriors
  A black bear (shapeshifter) (D:14)
  A sky beast (D:8)
  2 ice beasts
  A tengu (shapeshifter) (D:14)
  3 centaurs
  2 ogres
  3 kobold brigands
  A fire crab zombie (Crypt:3)
  2 bullfrogs
  A scorpion (D:10)
  A human skeleton (Vaults:3)
  A gnoll sergeant (D:9)
  2 earth elementals
  2 wights (Abyss:1)
  A swamp dragon simulacrum (Crypt:1)
  3 killer bees
  A raiju skeleton (Crypt:1)
  A shapeshifter skeleton (Crypt:2)
  A polar bear skeleton (Crypt:1)
  2 centaur zombies (Ossuary)
  A hound (D:6)
  A human zombie (Ossuary)
  2 quasits
  9 orc priests
  An iron imp (Abyss:3)
  An iguana (D:7)
  9 orc wizards
  8 mummies
  4 gnolls (D:7)
  3 white imps
  An ufetubus (Abyss:3)
  An adder zombie (Crypt:3)
  30 orcs
  A goblin zombie (Ossuary)
  2 hobgoblin zombies (Ossuary)
  11 kobolds
  4 kobold zombies (Ossuary)
  3 orc zombies (Ossuary)
  A rat zombie (Ossuary)
  2 butterflies (D:10)
  A lurking horror (Abyss:3)
  6 starspawn tentacles
1047 creatures vanquished.

Vanquished Creatures (others)
  A draconian knight (Zot:2)
  A fire giant (Vaults:5)
  A balrug (Zig:8)
  A draconian scorcher (Zot:2)
  A salamander tyrant (Snake:4)
  A deep elf archer (Zig:11)
  A salamander (Snake:4)
  A rime drake (Shoals:3)
  2 tormentors (Zig:8)
  A large abomination (Zig:8)
  A raiju (Abyss:4)
  A ynoxinul (Zig:6)
  A steam dragon (Shoals:3)
  A neqoxec (Zig:7)
  An orc warrior (Orc:2)
  2 orc priests (Orc:2)
  A jelly (Abyss:3)
  91 battlemagi
  3 ball lightnings (Zig:8)
  10 foxfires (Abyss:3)
  3 lurking horrors
  35 starspawn tentacles
  4 tentacles (Hell)
165 creatures vanquished.

Grand Total: 3108 creatures vanquished

Notes
Turn   | Place    | Note
-------+----------+-------------------------------------------
     0 | D:1      | monsoonserge the Merfolk Gladiator began the quest for the
                  | Orb.
     0 | D:1      | Reached XP level 1. HP: 16/16 MP: 1/1
    73 | D:1      | Found Giedumnu's Antique Weapon Emporium.
   262 | D:1      | Reached XP level 2. HP: 22/22 MP: 2/2
   838 | D:2      | Reached skill level 1 in Short Blades
   876 | D:2      | Reached XP level 3. HP: 28/28 MP: 3/3
  1185 | D:2      | Found a faded altar of an unknown god.
  1200 | D:2      | Reached XP level 4. HP: 34/34 MP: 4/4
  1285 | D:2      | Noticed Jessica
  1303 | D:2      | Killed Jessica
  1396 | D:2      | Reached skill level 1 in Stealth
  1406 | D:2      | Noticed Robin
  1424 | D:2      | Killed Robin
  1541 | D:2      | Reached skill level 1 in Armour
  1541 | D:2      | Reached skill level 5 in Dodging
  1541 | D:2      | Reached XP level 5. HP: 34/39 MP: 5/5
  1549 | D:2      | Identified the +2 hand axe "Goaveh" {drain, rN+}
  1670 | D:2      | Noticed Natasha
  1673 | D:2      | Killed Natasha
  1827 | D:3      | Found a hazy altar of Hepliaklqana.
  1831 | D:3      | Became a worshipper of Hepliaklqana the Forgotten
  2412 | D:3      | Found a bloodstained altar of Trog.
  2545 | D:3      | Reached skill level 3 in Fighting
  2748 | D:3      | Found a basalt altar of Yredelemnul.
  3085 | D:4      | Noticed Dowan
  3086 | D:4      | Noticed Duvessa
  3103 | D:4      | Killed Duvessa
  3104 | D:4      | Reached skill level 1 in Polearms
  3104 | D:4      | Reached XP level 6. HP: 22/47 MP: 6/6
  3104 | D:4      | Killed Dowan
  3188 | D:4      | Found a blossoming altar of Fedhas.
  3304 | D:4      | Found a staircase to the Ecumenical Temple.
  3312 | Temple   | Entered the Ecumenical Temple
  3405 | D:4      | Reached * piety under Hepliaklqana
  3408 | D:4      | Found Neupnoruuz's Book Shoppe.
  3457 | D:4      | Noticed Menkaure
  3467 | D:4      | Killed Menkaure
  3468 | D:4      | Reached XP level 7. HP: 27/46 MP: 7/7
  3495 | D:4      | Found a shadowy altar of Dithmenos.
  3561 | D:4      | Noticed Eustachio
  3573 | D:4      | Killed Eustachio
  3574 | D:4      | Reached skill level 5 in Polearms
  3730 | D:4      | Found a runed translucent door.
  3731 | D:4      | Noticed Crazy Yiuf
  4051 | D:5      | Entered Level 5 of the Dungeon
  4231 | D:5      | Noticed Edmund
  4333 | D:5      | Reached skill level 1 in Evocations
  4333 | D:5      | Reached XP level 8. HP: 40/54 MP: 8/8
  4470 | D:5      | Reached ** piety under Hepliaklqana
  4471 | D:5      | Remembered your ancestor Nakurtum as a battlemage
  4542 | D:5      | Found an iron altar of Okawaru.
  4715 | D:5      | Killed Edmund
  4716 | D:5      | Reached skill level 4 in Fighting
  4839 | D:6      | Found a glowing silver altar of Zin.
  4877 | D:6      | Found a white marble altar of Elyvilon.
  4880 | D:6      | Found the +4 consecrated labrys {holy, Valiant Fragile Fly
                  | SInv}
  4927 | D:6      | Reached skill level 1 in Axes
  4996 | D:6      | Found a sacrificial altar of Ru.
  5228 | D:6      | Reached *** piety under Hepliaklqana
  5239 | D:6      | Found an ancient bone altar of Kikubaaqudgha.
  5245 | D:6      | Reached XP level 9. HP: 59/59 MP: 9/9
  5273 | D:6      | Reached skill level 1 in Invocations
  5419 | D:6      | Found a snail-covered altar of Cheibriados.
  5681 | D:7      | Found a sand-covered staircase.
  5700 | Ossuary  | Entered an ossuary
  5962 | D:7      | Noticed Joseph
  5971 | D:7      | Reached skill level 5 in Axes
  5973 | D:7      | Killed Joseph
  5974 | D:7      | Reached skill level 5 in Fighting
  6003 | D:7      | Reached XP level 10. HP: 66/66 MP: 12/12
  6226 | D:7      | Reached **** piety under Hepliaklqana
  6732 | D:8      | Reached skill level 1 in Shields
  6875 | D:8      | Found a shimmering altar of Xom.
  6911 | D:8      | Found a staircase to the Lair.
  7080 | Lair:1   | Entered Level 1 of the Lair of Beasts
  7163 | Lair:1   | Noticed a catoblepas
  7171 | Lair:1   | Killed a catoblepas
  7234 | Lair:1   | You are sucked into a shaft and drop 1 floor!
  7389 | Lair:2   | Reached XP level 11. HP: 57/72 MP: 14/14
  7435 | Lair:2   | Noticed an oklob plant
  7460 | Lair:2   | Killed an oklob plant
  7536 | Lair:2   | Noticed a boulder beetle
  7548 | Lair:2   | Identified a scroll of acquirement
  7549 | Lair:2   | Acquired the +8 demon trident "Rift" {distort, reach+}
  7549 | Lair:2   | Found the +8 demon trident "Rift" {distort, reach+}
  7642 | Lair:2   | Reached skill level 5 in Invocations
  7697 | Lair:2   | Noticed a five-headed hydra
  7820 | Lair:1   | Noticed Nergalle
  7822 | Lair:1   | Noticed a spectral orc warlord
  7837 | Lair:1   | Killed Nergalle
  8423 | D:4      | Killed Crazy Yiuf
  8990 | D:9      | Reached skill level 10 in Polearms
  9025 | D:9      | Found a staircase to the Orcish Mines.
  9276 | D:9      | Found a shimmering blue altar of Sif Muna.
  9313 | Orc:1    | Entered Level 1 of the Orcish Mines
  9406 | Orc:1    | Reached ***** piety under Hepliaklqana
  9408 | Orc:1    | Noticed Fannar
  9420 | Orc:1    | Noticed Snorg
  9421 | Orc:1    | Banished Fannar
  9426 | Orc:1    | Killed Snorg
  9427 | Orc:1    | Reached skill level 6 in Fighting
  9427 | Orc:1    | Reached skill level 5 in Stealth
  9428 | Orc:1    | Noticed an orc knight
  9439 | Orc:1    | Killed an orc knight
  9581 | Orc:1    | Reached XP level 12. HP: 79/79 MP: 16/16
  9826 | D:10     | Entered Level 10 of the Dungeon
 10177 | D:10     | HP: 3/79 [something (14)]
 10189 | D:10     | Reached skill level 5 in Shields
 10532 | D:10     | Found a runed translucent door.
 10547 | D:10     | Found a runed translucent door.
 10814 | D:11     | Noticed a fire dragon
 10852 | D:11     | Noticed a two-headed ogre
 10891 | D:11     | Noticed Josephine
 10891 | D:11     | Noticed a two-headed ogre
 11013 | Lair:1   | Found a radiant altar of Vehumet.
 11693 | Lair:2   | Killed a five-headed hydra
 11837 | Lair:2   | Killed a boulder beetle
 12391 | Lair:3   | Reached skill level 7 in Fighting
 12502 | Lair:3   | Found a staircase to the Shoals.
 12608 | Lair:3   | Found a staircase to the Snake Pit.
 12665 | Lair:3   | Noticed a death yak
 12665 | Lair:3   | Noticed a death yak
 12665 | Lair:3   | Noticed a death yak
 12667 | Lair:3   | Noticed a death yak
 12667 | Lair:3   | Noticed a death yak
 12669 | Lair:3   | Noticed a death yak
 12675 | Lair:3   | Killed a death yak
 12680 | Lair:3   | Killed a death yak
 12693 | Lair:3   | Banished a death yak
 12698 | Lair:3   | Banished a death yak
 12702 | Lair:3   | Killed a death yak
 12707 | Lair:3   | Killed a death yak
 12784 | Lair:3   | Reached skill level 8 in Fighting
 12784 | Lair:3   | Reached XP level 13. HP: 88/88 MP: 19/19
 13665 | Lair:4   | Found a bloodstained altar of Trog.
 14037 | Lair:5   | Entered Level 5 of the Lair of Beasts
 14169 | Lair:5   | Reached skill level 9 in Fighting
 14433 | Lair:4   | Reached skill level 10 in Fighting
 14513 | Lair:5   | Reached ****** piety under Hepliaklqana
 14518 | Lair:5   | Reached skill level 10 in Dodging
 14599 | Lair:5   | Reached XP level 14. HP: 25/99 MP: 20/20
 14603 | Lair:5   | HP: 4/99 [death yak (16)]
 14784 | Lair:5   | Found a runed translucent door.
 14788 | Lair:5   | Found a viscous altar of Jiyva.
 14789 | Lair:5   | Found a staircase to the Slime Pits.
 15192 | Lair:5   | Reached skill level 5 in Armour
 15216 | Lair:5   | Reached skill level 11 in Fighting
 15342 | Lair:5   | Reached skill level 5 in Throwing
 16001 | D:11     | Killed Josephine
 16255 | D:11     | Noticed Maurice
 16262 | D:11     | Killed Maurice
 16578 | D:12     | Reached skill level 12 in Fighting
 17330 | D:13     | Reached XP level 15. HP: 108/108 MP: 21/21
 17452 | D:13     | Reached skill level 10 in Shields
 17486 | D:13     | Noticed a fenstrider witch
 17494 | D:13     | Killed a fenstrider witch
 17644 | D:13     | Reached skill level 10 in Stealth
 18022 | Shoals:1 | Entered Level 1 of the Shoals
 18666 | D:13     | Found a gate to the Vaults.
 19169 | D:14     | Found the ring of the Octopus King
 19799 | D:15     | Entered Level 15 of the Dungeon
 20836 | D:15     | Found a staircase to the Depths.
 21118 | Orc:2    | Entered Level 2 of the Orcish Mines
 21118 | Orc:2    | Noticed Rupert
 21118 | Orc:2    | Found a staircase to the Elven Halls.
 21160 | Orc:1    | Killed Rupert
 21161 | Orc:1    | Reached skill level 5 in Evocations
 21161 | Orc:1    | Reached XP level 16. HP: 83/116 MP: 22/22
 21222 | Orc:2    | Reached skill level 13 in Fighting
 21658 | Orc:2    | Noticed Donald
 21683 | Orc:1    | Killed Donald
 21818 | Orc:2    | Found Casur's Assorted Antiques.
 21918 | Orc:2    | Found Wyodarup's Antique Armour Emporium.
 21921 | Orc:2    | Found Zautuuk's Antique Weapon Emporium.
 21925 | Orc:2    | Found Myogik's General Store.
 21925 | Orc:2    | Found Miuz's Jewellery Shoppe.
 22796 | Orc:2    | Bought a scroll of blinking for 285 gold pieces
 24195 | Shoals:2 | Reached skill level 14 in Fighting
 24217 | Shoals:2 | Found an ancient bone altar of Kikubaaqudgha.
 24255 | Shoals:2 | Noticed Polyphemus
 24279 | Shoals:2 | Killed Polyphemus
 24707 | Shoals:2 | Reached XP level 17. HP: 101/126 MP: 23/23
 24931 | Shoals:2 | Identified Roxanne's Papyrus of the Tektite
 24931 | Shoals:2 | Noticed Roxanne
 24992 | Shoals:2 | Killed Roxanne
 25370 | Shoals:2 | You fall into a shaft and drop 1 floor!
 25621 | Shoals:3 | Acquired the +2 cloak of the Arcane {rElec rF+ rC+ Dex-5
                  | SInv}
 26084 | Shoals:2 | Reached skill level 15 in Fighting
 26184 | Snake:1  | Entered Level 1 of the Snake Pit
 26184 | Snake:1  | Noticed Louise
 26206 | Lair:3   | Killed Louise
 26600 | Snake:1  | Noticed Agnes
 26618 | Snake:1  | Killed Agnes
 27560 | Snake:2  | Noticed Aizul
 27572 | Snake:2  | Killed Aizul
 27684 | Snake:2  | Reached XP level 18. HP: 134/134 MP: 24/24
 28718 | Snake:3  | Found Virauvint's Magic Scroll Shoppe.
 28720 | Snake:3  | Found Fisidaiv's Distillery.
 28742 | Snake:3  | Bought a potion of heal wounds for 90 gold pieces
 29114 | Snake:4  | Entered Level 4 of the Snake Pit
 29130 | Snake:4  | Reached skill level 15 in Shields
 29367 | Snake:4  | Reached skill level 15 in Polearms
 29450 | Snake:4  | Found a burning altar of Makhleb.
 29599 | Snake:4  | Reached skill level 16 in Fighting
 30108 | Snake:4  | Found Doesoaj's Assorted Antiques.
 30323 | Snake:4  | Got a serpentine rune of Zot
 30714 | Shoals:4 | Entered Level 4 of the Shoals
 30769 | Shoals:4 | Reached XP level 19. HP: 69/142 MP: 25/25
 31139 | Shoals:4 | Noticed Bai Suzhen
 31300 | Shoals:4 | Identified the +7 rapier of monsoonserge's Peril {holy,
                  | rElec rN+}
 31303 | Shoals:4 | Got the Exposition on Entrancing Congelation
 31412 | Shoals:4 | Found the +15 Maxwell's patent armour {-Cast -Tele rElec
                  | Will+ rCorr}
 31721 | Shoals:4 | Got a barnacled rune of Zot
 32190 | Vaults:1 | Entered Level 1 of the Vaults
 32796 | Vaults:1 | Found a large runed translucent door.
 32796 | Vaults:1 | Noticed WaxSun's ghost (adept MfCK)
 32797 | Vaults:1 | Found a large runed translucent door.
 32819 | Vaults:1 | Reached skill level 17 in Fighting
 33279 | Vaults:1 | Found Ajej's General Store.
 33352 | Vaults:1 | Reached XP level 20. HP: 151/151 MP: 26/26
 33465 | Vaults:1 | Noticed Nikola
 33468 | Vaults:1 | Banished Nikola
 33482 | Vaults:1 | You fall into a shaft and drop 1 floor!
 33484 | Vaults:2 | Noticed Boris
 33486 | Vaults:2 | Banished Boris
 33617 | Vaults:2 | Got the Verses on the Star-crossed Ground
 33641 | Vaults:2 | Noticed Margery
 33648 | Vaults:2 | Banished Margery
 33660 | Vaults:2 | Noticed Frederick
 33670 | Vaults:2 | Killed Frederick
 33770 | Vaults:1 | Noticed Saint Roka
 33797 | Vaults:1 | Killed Saint Roka
 34489 | Vaults:2 | Found Zaar's Book Boutique.
 34635 | Vaults:2 | Found a staircase to the Crypt.
 34635 | Vaults:2 | Found a basalt altar of Yredelemnul.
 34635 | Vaults:2 | Found an ancient bone altar of Kikubaaqudgha.
 36121 | Vaults:3 | Reached skill level 18 in Fighting
 36519 | Vaults:3 | Reached XP level 21. HP: 159/159 MP: 27/27
 36575 | Vaults:3 | Reached skill level 10 in Evocations
 36597 | Vaults:3 | Noticed Xtahua
 36604 | Vaults:3 | Killed Xtahua
 38073 | Slime:1  | Entered Level 1 of the Pits of Slime
 38371 | Slime:2  | Gained mutation: You occasionally lose the ability to read
                  | scrolls when taking damage. [a shining eye]
 38375 | Slime:2  | Reached skill level 19 in Fighting
 39267 | Slime:3  | Gained mutation: You have sharp fingernails. [a shining
                  | eye]
 39710 | Slime:3  | Gained mutation: You are frail. (-10% HP) [a shining eye]
 39937 | Slime:4  | Lost mutation: You occasionally lose the ability to read
                  | scrolls when taking damage. [potion of mutation]
 39937 | Slime:4  | Lost mutation: You are frail. (-10% HP) [potion of
                  | mutation]
 39937 | Slime:4  | Gained mutation: You sometimes lose your temper in combat.
                  | [potion of mutation]
 39937 | Slime:4  | Gained mutation: Potions are less effective at restoring
                  | your health. [potion of mutation]
 39937 | Slime:4  | Gained mutation: Your magical capacity is low. (-10% MP)
                  | [potion of mutation]
 39937 | Slime:4  | Gained mutation: Your flesh is heat resistant. (rF+)
                  | [potion of mutation]
 39938 | Slime:4  | Lost mutation: Your magical capacity is low. (-10% MP)
                  | [potion of mutation]
 39938 | Slime:4  | Lost mutation: Your flesh is heat resistant. (rF+) [potion
                  | of mutation]
 39938 | Slime:4  | Gained mutation: You occasionally lose the ability to read
                  | scrolls when taking damage. [potion of mutation]
 39938 | Slime:4  | Lost mutation: You have sharp fingernails. [potion of
                  | mutation]
 39938 | Slime:4  | Gained mutation: You have a pair of small horns on your
                  | head. [potion of mutation]
 39938 | Slime:4  | Gained mutation: Your mind is acute. (Int +4, Str/Dex -1)
                  | [potion of mutation]
 39939 | Slime:4  | Lost mutation: Your mind is acute. (Int +4, Str/Dex -1)
                  | [potion of mutation]
 39939 | Slime:4  | Lost mutation: You sometimes lose your temper in combat.
                  | [potion of mutation]
 39939 | Slime:4  | Lost mutation: You have a pair of small horns on your head.
                  | [potion of mutation]
 39939 | Slime:4  | Gained mutation: Your body sometimes deteriorates upon
                  | taking damage. [potion of mutation]
 39945 | Slime:4  | Lost mutation: Your body sometimes deteriorates upon taking
                  | damage. [potion of mutation]
 39945 | Slime:4  | Lost mutation: Potions are less effective at restoring your
                  | health. [potion of mutation]
 39945 | Slime:4  | Gained mutation: You have a somewhat thin skeletal
                  | structure. (Dex +2, Stealth+) [potion of mutation]
 39945 | Slime:4  | Gained mutation: You are resistant to electric shocks.
                  | (rElec) [potion of mutation]
 39945 | Slime:4  | Gained mutation: You are robust. (+10% HP) [potion of
                  | mutation]
 39945 | Slime:4  | Gained mutation: Your mind is acute. (Int +4, Str/Dex -1)
                  | [potion of mutation]
 39966 | Slime:5  | Entered Level 5 of the Pits of Slime
 40074 | Slime:5  | Paralysed by a great orb of eyes for 5 turns
 40193 | Slime:5  | Reached skill level 15 in Stealth
 40515 | Slime:5  | Found a viscous altar of Jiyva.
 40516 | Slime:5  | Noticed the Royal Jelly
 40516 | Slime:5  | Found the +6 arbalest "Damnation" {damnation}
 40639 | Slime:5  | Killed the Royal Jelly
 41233 | Slime:5  | Identified the +3 leather armour "Ykoes" {-Cast Harm Str+4}
 41271 | Slime:5  | Identified the +4 quarterstaff of the Brewing Gods {heavy,
                  | Drain rN+ Str+2}
 41294 | Slime:5  | Got the Precepts of Transposed Jinxing
 41315 | Slime:5  | Identified the ring "Retzin" {rF+ Dex+5}
 41324 | Slime:5  | Identified the +7 short sword of Experimentation {flame,
                  | rElec rPois Will- Str+5}
 41329 | Slime:5  | Identified the +6 mace of Theory {spect, rN+}
 41355 | Slime:5  | Identified the staff of poison "Rugir" {rPois Str+6 Int-3}
 41357 | Slime:5  | Identified the +11 war axe of Ywise {heavy, rC+ rN++}
 41360 | Slime:5  | Got a slimy rune of Zot
 41745 | Shoals:4 | Killed Bai Suzhen
 42229 | Crypt:1  | Entered Level 1 of the Crypt
 42248 | Crypt:1  | Reached XP level 22. HP: 167/189 MP: 28/28
 42415 | Crypt:1  | Reached skill level 10 in Armour
 42594 | Crypt:1  | Reached skill level 20 in Fighting
 42635 | Crypt:1  | Identified the ring "Xainkuuz" {rF+ rCorr}
 43361 | Vaults:5 | Entered Level 5 of the Vaults
 43658 | Vaults:5 | Noticed Mennas
 43746 | Vaults:4 | Killed Mennas
 44119 | Vaults:5 | Noticed a dread lich
 44123 | Vaults:5 | Noticed a golden dragon
 44221 | Vaults:5 | Killed a dread lich
 44354 | Vaults:5 | Identified the ring of Redugr Romie {rElec rN+ Str+3 Int+2}
 44367 | Vaults:5 | Identified the +8 trident of Conformity {heavy, Dex+3}
 44460 | Vaults:5 | Killed a golden dragon
 44582 | Vaults:5 | Identified the +0 short sword "Bouliop" {chaos, Contam
                  | rF+++ rCorr}
 44713 | Vaults:5 | Reached skill level 21 in Fighting
 44733 | Vaults:5 | Reached XP level 23. HP: 123/200 MP: 29/29
 44867 | Vaults:5 | Got a silver rune of Zot
 44929 | Vaults:5 | Identified the +3 hand axe "Xoasalue" {freeze, rElec}
 45335 | D:12     | Identified the +3 ring mail of Insurance {Harm rCorr}
 45552 | D:14     | Identified a ring of the Octopus King {HP+2 AC+2 EV+2 SH+2
                  | SInv}
 45901 | Vaults:5 | Identified the amulet "Jaishru" {Faith rPois SInv}
 45916 | Vaults:5 | Got the Grimoire of Changing Phantasms
 46198 | Vaults:5 | Identified the +10 sling "Xeumoise" {flame, Fragile +Blink
                  | rC++ Int+3}
 46448 | Vaults:5 | Got Suynt's Disquisition on Underground Coordinates
 46508 | Vaults:5 | Noticed a golden dragon
 46517 | Vaults:5 | Killed a golden dragon
 46528 | Vaults:5 | Got Sif Muna's Monograph on Nephomancy and Beguiling
 46978 | Crypt:2  | Got the Spellbook of Hazy Space
 47062 | Crypt:2  | Noticed Vv
 47067 | Crypt:2  | Banished Vv
 47535 | Crypt:3  | Entered Level 3 of the Crypt
 48093 | Crypt:3  | Reached skill level 22 in Fighting
 48286 | Crypt:3  | Identified the ring "Otachekk" {rPois rN+ Slay+2}
 48286 | Crypt:3  | Identified the ring of Dukegow {rN+ Str+2}
 48652 | Crypt:3  | Reached XP level 24. HP: 209/210 MP: 29/29
 48950 | Crypt:3  | Found a staircase to the Tomb.
 49232 | Crypt:3  | Found the +9 sword of Zonguldrok {reap}
 49404 | Tomb:1   | Entered Level 1 of the Tomb of the Ancients
 49843 | Tomb:1   | Noticed a royal mummy
 49851 | Tomb:1   | Killed a royal mummy
 50645 | Vaults:1 | Banished WaxSun's ghost
 50897 | Elf:1    | Entered Level 1 of the Elven Halls
 51492 | Elf:1    | Got Typisonu's Compilation of Death
 51704 | Elf:1    | Found a portal to a secret trove of treasure.
 51737 | Elf:1    | You paid a toll of 5 scrolls of blinking to enter a
                  | treasure trove
 51738 | Trove    | Entered a treasure trove
 51746 | Trove    | Identified the +0 helmet of Responsibility {+Blink rElec
                  | Will-}
 52302 | Elf:1    | Found a shimmering altar of Xom.
 52395 | Elf:2    | Found a runed translucent door.
 52397 | Elf:2    | Noticed wjchen's ghost (adept MiFi)
 52406 | Elf:2    | Banished wjchen's ghost
 52408 | Elf:2    | Identified the +10 battleaxe "Dragonslayer" {protect,
                  | Contam Str+2 Stlth+}
 52741 | Elf:2    | Found a runed translucent gate.
 52741 | Elf:2    | Found a runed translucent gate.
 52741 | Elf:2    | Found a runed translucent gate.
 52849 | Elf:3    | Entered Level 3 of the Elven Halls
 53066 | Elf:3    | Paralysed by an air elemental for 1 turns
 53365 | Elf:3    | Found Saib's Jewellery Boutique.
 53846 | Elf:2    | Reached skill level 23 in Fighting
 54273 | Elf:3    | Reached XP level 25. HP: 198/221 MP: 25/29
 54365 | Elf:3    | Noticed Mara
 54455 | Elf:3    | Noticed monsoonserge's illusion
 54457 | Elf:3    | Killed Mara
 54621 | Elf:3    | Identified the ring "Nood" {MP+9 Str+4}
 54693 | Elf:3    | Identified the +7 plate armour of Cuoxt {Will+}
 54698 | Elf:3    | Identified the +7 whip "Zyoxkujasa" {freeze, rElec rN++
                  | Str-2}
 54745 | Elf:3    | Identified the +4 rapier of Inquiry {heavy, Will++}
 54747 | Elf:3    | Identified the staff of earth "Arem" {rF+ Will+}
 54748 | Elf:3    | Identified the +8 scimitar of Collusion {heavy, Fragile Fly
                  | rN+}
 54752 | Elf:3    | Identified the ring "Qeenoral" {rC+ EV+5}
 55070 | Depths:1 | Entered Level 1 of the Depths
 55403 | Depths:1 | Found a gateway to Hell.
 55448 | Depths:1 | Found Lomiju Kaaps's Antique Weapon Shop.
 55973 | Depths:1 | Found a one-way gate leading to the halls of Pandemonium.
 56523 | Hell     | Entered the Vestibule of Hell
 56523 | Hell     | Noticed Geryon
 56791 | Depths:2 | Found the +7 Spriggan's Knife {stab, EV+4 Stlth+}
 56997 | Depths:3 | Found a one-way gateway to a ziggurat.
 57057 | Depths:3 | Found a one-way gate to the infinite horrors of the Abyss.
 57540 | Depths:3 | Found a glowing silver altar of Zin.
 58130 | Depths:3 | Identified the +6 demon blade "Xuvulu" {elec, rPois rC+
                  | Stlth+}
 58136 | Depths:3 | Identified the staff of conjuration "Fuamyirgh" {rF+ Will+}
 58350 | Depths:3 | Found a radiant altar of Vehumet.
 58563 | Depths:4 | Entered Level 4 of the Depths
 58627 | Depths:4 | Reached XP level 26. HP: 231/231 MP: 29/29
 58667 | Depths:4 | Reached skill level 24 in Fighting
 59466 | Depths:4 | Found a gate to the Realm of Zot.
 59762 | Depths:4 | Reached skill level 25 in Fighting
 60023 | Hell     | Noticed Murray
 60191 | Zot:1    | Entered Level 1 of the Realm of Zot
 60233 | Zot:1    | Noticed Parghit
 60438 | Depths:4 | Lost mutation: You are resistant to electric shocks.
                  | (rElec) [potion of mutation]
 60438 | Depths:4 | Lost mutation: You occasionally lose the ability to read
                  | scrolls when taking damage. [potion of mutation]
 60438 | Depths:4 | Gained mutation: You occasionally lose the ability to read
                  | scrolls when taking damage. [potion of mutation]
 60438 | Depths:4 | Lost mutation: You have a somewhat thin skeletal structure.
                  | (Dex +2, Stealth+) [potion of mutation]
 60438 | Depths:4 | Gained mutation: You are agile. (Dex +4, Str/Int -1)
                  | [potion of mutation]
 60439 | Depths:4 | Lost mutation: You occasionally lose the ability to read
                  | scrolls when taking damage. [potion of mutation]
 60439 | Depths:4 | Lost mutation: Your mind is acute. (Int +4, Str/Dex -1)
                  | [potion of mutation]
 60439 | Depths:4 | Gained mutation: You are partially covered in iridescent
                  | scales. (AC +2) [potion of mutation]
 60477 | Depths:4 | Banished Parghit
 60807 | Zot:1    | Found the +1 cloak of Starlight {*Dazzle EV+4 Stlth--}
 60834 | Zot:1    | Identified the +12 great sword of Jacluis {heavy, rPois
                  | Str+3 Int+3}
 61200 | Zot:2    | Noticed a Killer Klown
 61207 | Zot:2    | Killed a Killer Klown
 61572 | Zot:2    | Reached skill level 26 in Fighting
 62888 | Zot:3    | Acquired 874 gold pieces
 63007 | Zot:3    | Got the Codex of Leadership and Exhalation
 63520 | Zot:3    | Reached XP level 27. HP: 229/247 MP: 29/29
 63539 | Zot:3    | Reached skill level 27 in Fighting
 63830 | Zot:3    | Identified the staff of fire "Fuud" {Drain rElec rF+ rCorr
                  | Str+5}
 65263 | Zot:4    | Identified the +0 pair of boots of Space {+Inv}
 65855 | Zot:5    | Entered Level 5 of the Realm of Zot
 66341 | Zot:5    | Noticed an orb of fire
 66353 | Zot:5    | Gained mutation: Armour fits poorly on your strangely
                  | shaped body. [an orb of fire]
 66447 | Zot:4    | Lost mutation: Armour fits poorly on your strangely shaped
                  | body. [potion of mutation]
 66447 | Zot:4    | Lost mutation: You are partially covered in iridescent
                  | scales. (AC +2) [potion of mutation]
 66554 | Depths:4 | Banished Murray
 66646 | Hell     | Killed Geryon
 66738 | Hell     | Noticed a dread lich
 66858 | Hell     | Killed a dread lich
 67026 | Hell     | Found a gateway to the Iron City of Dis.
 67078 | Hell     | Found a gateway to the freezing wastes of Cocytus.
 67125 | Hell     | Found a gateway to the decaying netherworld of Tartarus.
 67169 | Hell     | Found a gateway to the ashen valley of Gehenna.
 67493 | Depths:3 | Voluntarily entered the Abyss.
 67493 | Abyss:1  | Found a corrupted altar of Lugonu.
 67568 | Abyss:1  | Killed Parghit
 67938 | Abyss:1  | Gained mutation: Your magical capacity is extremely low.
                  | (-30% MP) [a neqoxec]
 67939 | Abyss:1  | Gained mutation: Potions are less effective at restoring
                  | your health. [a neqoxec]
 67984 | Depths:3 | Escaped the Abyss
 68021 | Depths:3 | Voluntarily entered the Abyss.
 68039 | Abyss:1  | Killed Murray
 68050 | Abyss:1  | Killed Margery
 68123 | Abyss:1  | Killed Fannar
 68124 | Abyss:1  | Reached skill level 15 in Armour
 68203 | Abyss:1  | Paralysed by you for 5 turns
 68360 | Abyss:1  | Found a corrupted altar of Lugonu.
 68370 | Abyss:1  | Found a corrupted altar of Lugonu.
 68550 | Abyss:1  | Paralysed by you for 3 turns
 68707 | Abyss:1  | Paralysed by accursed screaming for 1 turns
 68727 | Abyss:1  | Killed Nikola
 68831 | Abyss:2  | Found a corrupted altar of Lugonu.
 68862 | Abyss:3  | Found a corrupted altar of Lugonu.
 68985 | Abyss:3  | Gained mutation: You are vulnerable to heat. (rF-) [a
                  | cacodemon]
 68988 | Abyss:3  | Lost mutation: You are agile. (Dex +4, Str/Int -1) [a
                  | cacodemon]
 69313 | Abyss:3  | Found a corrupted altar of Lugonu.
 69609 | Abyss:3  | Found a corrupted altar of Lugonu.
 69610 | Abyss:3  | Noticed an ancient lich
 69611 | Abyss:3  | Found a corrupted altar of Lugonu.
 69611 | Abyss:3  | Found a corrupted altar of Lugonu.
 69620 | Abyss:3  | Killed an ancient lich
 69640 | Depths:3 | Escaped the Abyss
 69654 | Depths:3 | Voluntarily entered the Abyss.
 69692 | Abyss:3  | Banished Vv
 70183 | Abyss:3  | Reached skill level 15 in Evocations
 70461 | Abyss:3  | Killed Vv
 71013 | Depths:3 | Escaped the Abyss
 71136 | Depths:3 | Voluntarily entered the Abyss.
 71176 | Abyss:4  | Found an opulent altar of Gozag.
 71177 | Abyss:4  | Found an opulent altar of Gozag.
 71177 | Abyss:4  | Found an opulent altar of Gozag.
 71424 | Abyss:4  | Found a corrupted altar of Lugonu.
 71494 | Abyss:4  | Found a corrupted altar of Lugonu.
 71605 | Abyss:4  | Found a glowing golden altar of the Shining One.
 71636 | Abyss:4  | Noticed a juggernaut
 71642 | Abyss:4  | Killed a juggernaut
 71646 | Abyss:4  | Got an abyssal rune of Zot
 71907 | Abyss:4  | Found a corrupted altar of Lugonu.
 71919 | Depths:3 | Escaped the Abyss
 71922 | Depths:3 | Lost mutation: Your magical capacity is low. (-10% MP)
                  | [potion of mutation]
 71922 | Depths:3 | Lost mutation: Potions are less effective at restoring your
                  | health. [potion of mutation]
 71922 | Depths:3 | Lost mutation: You are vulnerable to heat. (rF-) [potion of
                  | mutation]
 71922 | Depths:3 | Gained mutation: You are dopey. (Int -2) [potion of
                  | mutation]
 71922 | Depths:3 | Gained mutation: You have a pair of small antennae on your
                  | head. [potion of mutation]
 71922 | Depths:3 | Gained mutation: Your flesh is heat resistant. (rF+)
                  | [potion of mutation]
 71967 | Zig:1    | Entered Level 1 of a ziggurat
 71990 | Zig:2    | Entered Level 2 of a ziggurat
 71991 | Zig:2    | Noticed Dulira the pandemonium lord
 72008 | Zig:2    | Killed Dulira the pandemonium lord
 72061 | Zig:2    | Identified the +8 rapier "Urut" {heavy, SInv}
 72076 | Zig:3    | Entered Level 3 of a ziggurat
 72144 | Zig:4    | Entered Level 4 of a ziggurat
 72174 | Zig:4    | Got the Secrets of the Inferno
 72178 | Zig:4    | Got the Directory of Shapeshifting and the Mausoleum
 72183 | Zig:5    | Entered Level 5 of a ziggurat
 72218 | Zig:6    | Entered Level 6 of a ziggurat
 72232 | Zig:6    | Paralysed by accursed screaming for 2 turns
 72384 | Zig:6    | Identified the +0 arbalest of the Spider Nest {antimagic,
                  | Str+4}
 72387 | Zig:6    | Identified the ring of Orodd {Fly rN+ Will- Dex+5}
 72393 | Zig:6    | Acquired the +0 pair of fencer's gloves {Riposte Dex+3}
 72393 | Zig:6    | Found the +0 pair of fencer's gloves {Riposte Dex+3}
 72420 | Zig:7    | Entered Level 7 of a ziggurat
 72426 | Zig:7    | Found the +5 glaive of the Guard {elec, spectral, AC+5}
 72574 | Zig:7    | Identified the +4 lajatang of Balance {pain, Will+}
 72576 | Zig:7    | Identified the +7 plate armour of Pimmot {rPois Str+7}
 72586 | Zig:7    | Identified the +1 quarterstaff of Natruf {heavy, Contam rF+
                  | rCorr Dex+3}
 72601 | Zig:8    | Entered Level 8 of a ziggurat
 72609 | Zig:8    | Noticed Zuru Kad the pandemonium lord
 72620 | Zig:8    | Killed Zuru Kad the pandemonium lord
 72622 | Zig:8    | HP: 8/249 [Hell Sentinel/damnation (36)]
 72645 | Zig:8    | Identified the staff of poison "Ocsitise" {rPois Int+4}
 72662 | Zig:8    | Identified the staff of earth "Meucan" {Will- Int+5}
 72780 | Zig:9    | Entered Level 9 of a ziggurat
 72790 | Zig:9    | Noticed a juggernaut
 72792 | Zig:9    | Noticed a juggernaut
 72800 | Zig:9    | Killed a juggernaut
 72803 | Zig:9    | Killed a juggernaut
 72881 | Zig:10   | Entered Level 10 of a ziggurat
 72929 | Zig:10   | Identified the +10 long sword of Laguxogente {holy, rElec
                  | rN+ Str+3}
 72935 | Zig:10   | Identified the +4 lajatang of Inquiry {freeze, rPois MP-9
                  | Int-5 Dex+8}
 72940 | Zig:10   | Identified the staff of air "Wigry" {rElec rF+ Stlth+}
 72947 | Zig:11   | Entered Level 11 of a ziggurat
 73040 | Zig:11   | Found the +0 mask of the Dragon {Will+ Slay+3 SInv}
 73047 | Zig:11   | Identified the staff of conjuration "Maff" {Str+3 Int+5}
 73083 | Zig:12   | Entered Level 12 of a ziggurat
 73107 | Zig:12   | Reached skill level 10 in Invocations
 73136 | Zig:12   | HP: 9/249 [slime creature (7)]
 73311 | Zig:12   | Identified the +6 quarterstaff of Resourcefulness {drain,
                  | rF++ SInv}
 73314 | Zig:12   | Identified the +3 short sword "Pygg" {vamp, *Rage Drain
                  | rCorr Int+8}
 73319 | Zig:12   | Identified the +0 pair of boots of Jigsaw {+Inv rPois rF-
                  | rC++}
 73335 | Zig:12   | Identified the ring "Ithrix" {rF+ Str+5 Dex-3 Slay+5}
 73401 | Depths:3 | Lost mutation: You have a pair of small antennae on your
                  | head. [potion of mutation]
 73401 | Depths:3 | Lost mutation: Your flesh is heat resistant. (rF+) [potion
                  | of mutation]
 73401 | Depths:3 | Lost mutation: You are dopey. (Int -2) [potion of mutation]
 73401 | Depths:3 | Gained mutation: Your body sometimes deteriorates upon
                  | taking damage. [potion of mutation]
 73401 | Depths:3 | Gained mutation: You are partially covered in large bone
                  | plates. (SH +4) [potion of mutation]
 73668 | Zot:5    | Gained mutation: You are vulnerable to heat. (rF-) [an orb
                  | of fire]
 73670 | Zot:5    | Gained mutation: Your magical capacity is low. (-10% MP)
                  | [an orb of fire]
 73671 | Zot:5    | Gained mutation: You occasionally lose the ability to read
                  | scrolls when taking damage. [an orb of fire]
 73675 | Zot:5    | Banished an orb of fire
 73787 | Zot:5    | Noticed an orb of fire
 73799 | Zot:5    | Lost mutation: You are robust. (+10% HP) [an orb of fire]
 73799 | Zot:5    | Killed an orb of fire
 73800 | Zot:5    | Lost mutation: You are partially covered in large bone
                  | plates. (SH +4) [potion of mutation]
 73800 | Zot:5    | Lost mutation: You are vulnerable to heat. (rF-) [potion of
                  | mutation]
 73800 | Zot:5    | Lost mutation: You occasionally lose the ability to read
                  | scrolls when taking damage. [potion of mutation]
 73800 | Zot:5    | Gained mutation: Your body often deteriorates upon taking
                  | damage. [potion of mutation]
 73800 | Zot:5    | Gained mutation: You are frail. (-10% HP) [potion of
                  | mutation]
 73801 | Zot:5    | Lost mutation: You are frail. (-10% HP) [potion of
                  | mutation]
 73801 | Zot:5    | Lost mutation: Your body often deteriorates upon taking
                  | damage. [potion of mutation]
 73801 | Zot:5    | Gained mutation: Your natural rate of healing is unusually
                  | fast. [potion of mutation]
 73801 | Zot:5    | Gained mutation: You have a pair of small antennae on your
                  | head. [potion of mutation]
 73988 | Zot:5    | Noticed a dread lich
 73993 | Zot:5    | Banished a dread lich
 73997 | Zot:5    | Noticed an orb of fire
 73999 | Zot:5    | Noticed an orb of fire
 74002 | Zot:5    | Banished an orb of fire
 74018 | Zot:5    | Killed an orb of fire
 74131 | Zot:5    | Noticed a dread lich
 74133 | Zot:5    | Got the Orb of Zot
 74138 | Zot:5    | Killed a dread lich
 74139 | Zot:5    | Noticed an ancient lich
 74763 | D:$      | Escaped with the Orb!

Illustrated notes

Levels and vault maps discovered:
D:1:      saegor_arrival_simple_b, layout_loops_cross, serial_glass,
          glass_columns_c, glass_columns_b, glass_columns_c, glass_columns_b,
          glass_columns_a, due_unseen_surprise, minmay_strange_pillars,
          serial_shops, shop, minmay_tetromino_t4
D:2:      minmay_door_path, layout_basic, basic_ecumenical_altar, uniq_robin,
          uniq_jessica, uniq_natasha
D:3:      layout_basic, yredelemnul_altar_generic, nzn_hepliaklqana_mist_gate,
          lemuel_doored_altar
D:4:      cheibrodos_quashed, layout_loops_ring,
          nicolae_dithmenos_through_a_glass_darkly,
          mainiacjoe_overflow_concentric_impassable,
          minmay_temple_entry_statues_fountains, serial_shops,
          nicolae_shop_tiny_waterfront, st_stairs_6, uniq_duvessa,
          uniq_crazy_yiuf_cottage, uniq_eustachio, uniq_menkaure
D:5:      layout_basic, okawaru_gym_becter, uniq_edmund
D:6:      kennysheep_steamy, layout_basic, nicolae_ru_the_path_less_chosen,
          elyvilon_altar_3, mainiacjoe_overflow_brackets, slow_altar_2,
          lemuel_round_altar
D:7:      layout_basic, nicolae_ossuary_entry_false_entrances, uniq_joseph
D:8:      layout_rooms, marbit_many_paths, lair_entry_dummy
D:9:      layout_long_grid, lemuel_blue_sif_altar, orc_0_dummy
D:10:     lemuel_insect_pit, layout_loops_ring, wad_floor_pattern_untrapped
D:11:     layout_roguey, grunt_decor_clamped, uniq_maurice, uniq_josephine
D:12:     layout_cave_pods, minmay_protected_statue
D:13:     layout_rooms, grunt_vaults_entry_fortified, serial_aquarium,
          aquarium_bridge_straight [aquarium_subvault_bridge,
          aquarium_subvault_wall, aquarium_subvault_bridge,
          aquarium_subvault_window], aquarium_window_1, aquarium_window_2,
          aquarium_window_1, aquarium_window_corridor_3, aquarium_view_4,
          aquarium_view_2c, aquarium_pool_S
D:14:     layout_cave_pods, minmay_misc_feat_ornament, grunt_livestock,
          minivault_12
D:15:     grunt_enter_depths_snipers, layout_loops_ring,
          chequers_serial_rivers_small_3, chequers_serial_rivers_small_b,
          billiards_dpeg
Temple:   nicolae_temple_cloud_nine
Lair:1:   layout_misc_corridors, basic_altar, infiniplex_staircase_pool,
          uniq_nergalle
Lair:2:   layout_chaotic_city, serial_bayou_pond_c, wad_woods_03,
          lemuel_fruit_fields
Lair:3:   layout_long_grid, elwin_shoals_entry_stream,
          guppyfry_snake_entry_garden
Lair:4:   minmay_lair_oklob_chamber, layout_regular_city, basic_altar,
          grunt_megastairs_5, serial_bayou_shore_b
Lair:5:   hangedman_lair_in_review, layout_gridlike, slime_entry_2
Shoals:1: layout_shoals, centaur_isle
Shoals:2: cheibrodos_shoals_oceanic_diplomacy, layout_shoals,
          lemuel_altar_in_water, nicolae_shoals_aquamancer_cove,
          uniq_polyphemus, uniq_roxanne
Shoals:3: layout_shoals, nicolae_shoals_drake_roost
Shoals:4: shoals_end_hellmonk_lost_city, uniq_bai_suzhen
Snake:1:  layout_misc_corridors, hangedman_snake_sidewinding, uniq_agnes,
          uniq_louise
Snake:2:  layout_basic, st_stairs_8, serial_bayou_shore_a, uniq_aizul
Snake:3:  layout_gridlike, minmay_shoptagon
Snake:4:  minmay_snake_end_coiled, layout_cave_town, serial_shops,
          nicolae_lakefront_shop, basic_altar
Slime:1:  layout_caves
Slime:2:  layout_caves
Slime:3:  layout_caves
Slime:4:  layout_caves
Slime:5
Orc:1:    layout_diamond_mine, uniq_fannar, uniq_snorg
Orc:2:    st_orc_congregation, layout_caves, serial_shops,
          nicolae_shop_tiny_real_fake_doors, minmay_orc_temple_c, uniq_rupert,
          uniq_donald
Elf:1:    eino_elf_arrival_sip, layout_onion_city, nicolae_trove_entry_columns,
          minmay_elf_necromancy, lemuel_upstairs_altar
Elf:2:    nicolae_elf_blades_splatter_lattice [nicolae_blade_little_rooms],
          layout_geoelf_diagonals, gammafunk_ghost_grave
Elf:3:    elf_hall, layout_loops_cross, serial_shops,
          nicolae_shop_back_alley_shop, drop_trap, kb_rosetta, uniq_mara
Vaults:1: advil_vaults_ghost_guards, v_rooms_1, vaults_dpeg_spiral,
          nicolae_vaults_meiosis, v_misc_5, nicolae_vaults_stairing_the_circle,
          ontoclasm_vaults_hangar, nicolae_vaults_swerve, v_misc_22,
          nicolae_vaults_double_plus_1, v_pattern_5,
          nicolae_vaults_three_branches, vaults_room_fancy_cross,
          nicolae_vaults_double_plus_2, layout_vaults_omnibox, serial_shops,
          nicolae_shop_rolling_square, uniq_nikola, uniq_saint_roka
Vaults:2: minmay_crypt_entry_necro_gods, ontoclasm_vaults_eye,
          nicolae_vaults_sightless_eye, nicolae_vaults_network_barrier,
          ontoclasm_vaults_bender, ontoclasm_vaults_idyll,
          nicolae_vaults_house_1, ontoclasm_vaults_twist,
          grunt_vaults_trifunnel, v_rooms_3, ontoclasm_vaults_loading_screen,
          nicolae_vaults_frosty_reception, nicolae_vaults_house_1,
          layout_vaults_big_cross, serial_shops, nicolae_shop_statue_plus,
          uniq_frederick, uniq_boris, uniq_margery
Vaults:3: v_alt_pattern_5, v_misc_4, nicolae_vaults_wine_cellar,
          nicolae_vaults_more_shelving_1, nicolae_vaults_oval_intersection,
          nicolae_vaults_surprise_closet, nicolae_vaults_doubleplus_tesselated,
          ontoclasm_vaults_hangar, nicolae_vaults_house_2, vaults_room_pool,
          nicolae_vaults_house_1, vaults_dpeg_diagonal, layout_vaults_omnigrid,
          uniq_xtahua
Vaults:4: vaults_room_door_hall, nicolae_vaults_tangram_1, v_misc_2,
          nicolae_vaults_surprise_closet, nicolae_vaults_hexular_roomagon,
          nicolae_vaults_door_testing_chamber, nicolae_vaults_specimen_jars,
          nicolae_vaults_storage_room_water, vaults_room_semicircle,
          nicolae_vaults_tetromino_L_2, vaults_mumra_hexcomb,
          nicolae_vaults_offset_grid_hallway_3, nicolae_vaults_double_plus_2,
          layout_vaults_maze_snakey
Vaults:5: uniq_mennas
Crypt:1:  layout_rooms, chequers_big_river
Crypt:2:  layout_catacombs, uniq_vv
Crypt:3:  due_elkab, layout_chaotic_city
Tomb:1
Depths:1: layout_gridville, rand_demon_pan_entry_1, hell_entry,
          minmay_strange_pillars, kennysheep_pointless_box,
          kilobyte_rumbling_trees, minmay_shop_star
Depths:2: dreamdust_merry_men, layout_cave_shapes, pf_hell_entry_great_geh,
          pan_entry, nrook_uturn, chequers_serial_rivers_micro_b,
          infiniplex_staircase_zigzag_1
Depths:3: evilmike_silver_temple, layout_small_grid, enter_ziggurat_a,
          grunt_mini_vestibule, hangedman_decor_push, abyss_entry,
          argonaut_fire_from_heaven
Depths:4: grunt_zot_entry_tricorne, layout_honeycomb,
          chequers_serial_rivers_micro_c, hell_entry, minmay_room_of_horrors,
          serial_bayou_shore_b
Hell
Zot:1:    layout_misc_corridors, uniq_parghit
Zot:2:    kennysheep_blocky_room, layout_concentric_octagons
Zot:3:    kennysheep_oblong_rooms, layout_gridlike
Zot:4:    layout_cathedral_of_symmetry, st_stairs_7, hangedman_swamp_dais
Zot:5:    layout_twisted_circle

Skill      XL: |  1  2  3  4  5  6  7  8  9 10 11 12 13 14 15 16 17 18 19 20 21 22 23 24 25 26 27 |
---------------+----------------------------------------------------------------------------------+-----
Short Blades   | 1 2 3 |  3.8
Stealth        | 1 2 3 4 5 6 8 9 10 11 12 13 14 15 16 17 19 24 | 24.5
Armour         | 1 2 3 4 5 6 7 8 9 10 11 12 13 19 | 19.0
Dodging        | 5 6 7 8 10 11 12 13 14 | 14.5
Fighting       | 3 4 5 6 8 10 12 14 15 16 17 18 19 21 22 23 26 27 | 27.0
Polearms       | 1 4 6 8 11 13 14 15 16 17 18 19 22 23 26 | 26.0
Evocations     | 1 3 5 6 8 9 10 11 12 13 17 | 17.3
Axes           | 2 5 8 |  8.8
Invocations    | 3 4 6 8 9 10 | 10.0
Shields        | 2 4 6 8 9 11 13 14 15 16 17 18 19 20 21 22 26 | 26.6
Throwing       | 3 4 5 6 7 |  7.5
Long Blades    | |  3.6

Action                     |  1- 3 |  4- 6 |  7- 9 | 10-12 | 13-15 | 16-18 | 19-21 | 22-24 | 25-27 || total
---------------------------+-------+-------+-------+-------+-------+-------+-------+-------+-------++-------
  Melee: Short sword       |   120 |    71 |       |       |       |       |       |       |       ||   191
         Long sword        |     2 |       |       |       |       |       |       |       |       ||     2
         Dagger            |       |   102 |       |       |       |       |       |       |       ||   102
         Punch             |       |     2 |     3 |       |       |       |       |       |       ||     5
         Trident           |       |    55 |    84 |       |       |       |       |       |       ||   139
         Labrys            |       |       |    86 |    99 |       |       |       |       |       ||   185
         Demon trident     |       |       |       |   329 |   707 |  1237 |  1257 |  1493 |  3054 ||  8077
         Tailslap          |       |       |       |       |       |    16 |     7 |    14 |    10 ||    47
  Throw: Boomerang         |       |     3 |     1 |    11 |     2 |       |     8 |     2 |       ||    27
         Dart              |       |       |       |     5 |    13 |     6 |       |       |     6 ||    30
         Javelin           |       |       |       |       |       |       |       |     1 |     1 ||     2
 Invoke: Ancestor Life: Ba |       |       |     1 |       |       |       |       |       |       ||     1
         Recall Ancestor   |       |       |       |     3 |     5 |     8 |     6 |     9 |    23 ||    54
         Idealise          |       |       |       |     2 |       |     4 |     1 |     2 |    10 ||    19
         Transference      |       |       |       |     1 |       |     1 |     1 |       |     1 ||     4
         Ancestor Identity |       |       |       |       |       |     2 |       |       |       ||     2
Ability: Evoke Invisibilit |       |       |       |       |       |       |       |       |     2 ||     2
  Evoke: Wand              |       |       |       |     2 |       |       |     1 |     4 |     1 ||     8
         Box of beasts     |       |       |       |       |       |       |     2 |     2 |     2 ||     6
         Phial of floods   |       |       |       |       |       |       |     1 |     1 |       ||     2
         Condenser vane    |       |       |       |       |       |       |       |     2 |     2 ||     4
         Phantom mirror    |       |       |       |       |       |       |       |       |     2 ||     2
         Lightning rod     |       |       |       |       |       |       |       |       |     4 ||     4
         Horn of Geryon    |       |       |       |       |       |       |       |       |     2 ||     2
    Use: Potion            |       |     1 |       |     3 |     1 |       |    10 |    11 |    34 ||    60
         Scroll            |       |       |     9 |    16 |     7 |     3 |       |     4 |    17 ||    56
   Stab: Distracted        |     1 |       |     4 |     2 |    12 |    28 |    20 |    24 |    83 ||   174
         Sleeping          |     1 |     3 |     2 |    15 |    18 |    15 |    19 |     2 |     1 ||    76
         Petrifying        |       |       |       |       |       |     1 |       |       |       ||     1
         Invisible         |       |       |       |       |       |       |       |       |    19 ||    19
 Armour: Leather armour    |    14 |    22 |    27 |    21 |    86 |    25 |       |       |       ||   195
         Chain mail        |       |       |       |       |       |   227 |   217 |    60 |       ||   504
         Gold dragon scale |       |       |       |       |       |       |       |   139 |   562 ||   701
  Dodge: Dodged            |    53 |   105 |   153 |   168 |   187 |   360 |   389 |   184 |   402 ||  2001
  Block: Kite shield       |       |       |       |    79 |   228 |   251 |       |       |       ||   558
         Buckler           |       |       |       |    22 |       |       |       |       |       ||    22
         Tower shield      |       |       |       |       |       |   353 |   705 |   697 |  1457 ||  3212
Riposte: Demon trident     |       |       |       |       |       |       |       |       |    62 ||    62
